Red Wings vs Predators

Created - April 14, 2017 at 23:09

Goals
1 2 3 T
Red Wings 2 1 3 6
Predators 0 2 2 4
Shots
1 2 3 T
Red Wings 11 4 14 29
Predators 15 8 10 33

1st period

1. Red Wings , Tyler Johnson 9 (Ales Hemsky 17, Adam Henrique 12) at 1:19
2. Red Wings , Adam Henrique 12 (Tyler Johnson 25, Marc Savard 55) at 13:31

Penalties :
Philip Samuelsson (Det) for Hooking (Minor) at 2:07, Phil Kessel (Det) for Tripping (Minor) at 19:56

2nd period

3. Predators , Christian Ehrhoff 3 (Mikael Granlund 8, Byron Bitz 30) at 11:22
4. Red Wings , Rick Nash 53 (Marc Savard 56) at 11:28
5. Predators , Ryan Kesler 33 (Niclas Bergfors 29, Alexander Ovechkin 43) at 15:20 (PP)

Penalties :
Marc Savard (Det) for Hooking (Minor) at 13:31, Sean Bergenheim (Det) for Roughing (Minor) at 15:33

3rd period

6. Red Wings , Mike Richards 39 (Shea Weber 31, Phil Kessel 49) at 3:29
7. Predators , David Jones 9 (Ryan Mcdonagh 27) at 6:07
8. Red Wings , Sean Bergenheim 22 (Mike Richards 75, Phil Kessel 50) at 10:13
9. Predators , Mikael Granlund 4 (Alexander Steen 22, Byron Bitz 31) at 16:32
10. Red Wings , Filip Kuba 6 (Rick Nash 58, Shea Weber 32) at 19:27 (Empty Net)

Penalties :
Phil Kessel (Det) for Hooking (Minor) at 6:39, Sean Bergenheim (Det) for Hooking (Minor) at 16:35

Goalie Stats

Michal Neuvirth (Det), 29 saves from 33 shots - (0.879), W, 32-18-9, 60:00 minutes
Viktor Fasth (Nas), 13 saves from 17 shots - (0.765), 43:29 minutes
Chad Johnson (Nas), 10 saves from 11 shots - (0.909), L, 1-4-0, 16:11 minutes

Players Stats for Red Wings

Player Name              G  A  P  +/- PIM S  H  SB GA TA FO     MP     PP MP  PK MP  
------------------------------------------------------------------------------------
Adam Henrique            1  1  2   1  0   3  0  0  1  0  0/1    11:01   0:00   0:00 
Ales Hemsky              0  1  1   1  0   0  1  0  0  0  0/0    11:01   0:00   0:00 
Alex Picard              0  0  0   0  0   2  0  0  0  0  0/0     7:07   0:00   0:59 
Filip Kuba               1  0  1   2  0   2  0  2  0  0  0/0    19:46   0:00   0:00 
Jiri Fischer             0  0  0   1  0   0  0  3  0  0  0/0    23:49   0:00   5:57 
Marc Savard              0  2  2   0  2   2  3  0  1  1  14/24  15:19   0:00   0:00 
Mike Brown               0  0  0   0  0   0  1  0  0  0  0/0     8:27   0:00   1:55 
Mike Richards            1  1  2   1  0   4  2  0  0  0  7/17   14:53   0:00   0:00 
Nate Thompson            0  0  0   0  0   2  0  1  0  0  3/3     6:08   0:00   0:00 
Ole-Kristian Tollefsen   0  0  0   1  0   0  2  1  1  2  0/0    23:24   0:00   5:47 
Phil Kessel              0  2  2   1  4   1  1  0  3  1  0/2    14:59   0:00   0:00 
Philip Samuelsson        0  0  0   0  2   0  1  1  0  0  0/0    10:31   0:00   0:00 
Rick Nash                1  1  2   1  0   2  1  0  1  0  3/5    21:08   0:00   5:38 
Sean Bergenheim          1  0  1   1  4   3  2  0  0  0  0/0    18:40   0:00   3:30 
Shea Weber               0  2  2   2  0   1  2  1  0  1  0/0    25:51   0:00   5:47 
Steve Downie             0  0  0   1  0   2  4  1  0  0  0/0    21:08   0:00   5:38 
Tim Ramholt              0  0  0   0  0   0  1  1  0  1  0/0    16:50   0:00   5:57 
Tyler Johnson            1  1  2   2  0   5  2  0  0  0  9/12   18:08   0:00   5:48 

Players Stats for Predators

Player Name              G  A  P  +/- PIM S  H  SB GA TA FO     MP     PP MP  PK MP  
------------------------------------------------------------------------------------
Alexander Edler          0  0  0  -1  0   1  1  1  2  1  0/0    28:20   6:48   0:00 
Alexander Ovechkin       0  1  1  -3  0   6  1  1  1  1  1/4    23:44   7:10   0:00 
Alexander Steen          0  1  1   1  0   1  2  0  1  1  0/0    17:21   4:34   0:00 
Andy Miele               0  0  0   0  0   2  1  1  0  0  2/3    10:54   0:00   0:00 
Blake Geoffrion          0  0  0  -1  0   1  0  1  0  0  0/0     8:01   0:00   0:00 
Bobby Sanguinetti        0  0  0  -2  0   2  0  0  0  0  0/0    20:44   4:56   0:00 
Brett Clark              0  0  0   1  0   0  0  1  0  0  0/0    10:34   0:00   0:00 
Byron Bitz               0  2  2   1  0   2  5  0  1  1  0/2    17:21   4:34   0:00 
Christian Ehrhoff        1  0  1   2  0   1  1  0  0  0  0/0    19:59   6:48   0:00 
David Jones              1  0  1   0  0   2  2  0  0  0  0/1    11:09   0:06   0:00 
James Van Riemsdyk       0  0  0   0  0   1  0  0  0  0  0/0    10:54   0:00   0:00 
Jeremy Williams          0  0  0  -1  0   0  0  0  0  0  0/0     8:01   0:00   0:00 
John Moore               0  0  0  -3  0   2  0  1  0  1  0/0    15:48   0:00   0:00 
Kris Vernarsky           0  0  0  -1  0   3  3  0  0  0  2/3     8:01   0:00   0:00 
Mikael Granlund          1  1  2   1  0   1  2  0  0  0  9/12   17:21   4:34   0:00 
Niclas Bergfors          0  1  1  -3  0   3  1  0  1  1  0/0    23:44   7:10   0:00 
Ryan Kesler              1  0  1  -3  0   5  1  0  0  1  14/39  23:29   7:04   0:00 
Ryan Mcdonagh            0  1  1  -3  0   0  1  1  0  0  0/0    24:35   4:56   0:00 

3 Stars

1 - Tyler Johnson (Det)
2 - Mike Richards (Det)
3 - Mikael Granlund (Nas)

Power Play

Red Wings - 0 on 0 Attempt(s) - 0.00%
Predators - 1 on 6 Attempt(s) - 16.67%

Penalty Kill

Red Wings - 5 on 6 Attempt(s) - 83.33% - Score 0 goal in Penalty Kill
Predators - 0 on 0 Attempt(s) - 0.00% - Score 0 goal in Penalty Kill

Team Stat

Red Wings - Hits : 23 - Faceoff Wins : 36 - Blocked Shots : 11 - Penalty Minutes : 12
Predators - Hits : 21 - Faceoff Wins : 28 - Blocked Shots : 7 - Penalty Minutes : 0

Official

Referees : Rooney Chris and Watson Brad
Linesman : Brad Lazarowich and Tim Nowak

Game Notes

Chad Johnson enters game at 3:29 of 3rd period
Filip Kuba has scored in a empty net!

Finance

Level 1 -- Attendance: 5282 (88.03%) -- Ticket Income $448,970
Level 2 -- Attendance: 4995 (99.90%) -- Ticket Income $249,750
Level 3 -- Attendance: 1789 (89.45%) -- Ticket Income $53,670
Level 4 -- Attendance: 2713 (67.83%) -- Ticket Income $65,112
Luxury Box -- Attendance: 734 (73.40%) -- Ticket Income $128,450
Game was played at the Wildcat center.
Total Attendance: 15513 (86.18%)
Total Ticket Income: $945,952
Other Income: $141,893
Total Income: $1,087,845

Red Wings

5 vs 5 Forward 
   Center                   Left Wing                Right Wing               Time % Phy DF OF 
 1 Mike Richards            Sean Bergenheim          Phil Kessel              35     0   2  3  
 2 Marc Savard              Rick Nash                Steve Downie             35     0   3  2  
 3 Tyler Johnson            Adam Henrique            Ales Hemsky              20     0   3  2  
 4 Nate Thompson            Alex Picard              Mike Brown               10     1   2  2  

5 vs 5 Defense 
   Defense                  Defense                                           Time % Phy DF OF 
 1 Shea Weber               Filip Kuba                                        40     0   3  2  
 2 Jiri Fischer             Ole-Kristian Tollefsen                            35     0   3  2  
 3 Philip Samuelsson        Tim Ramholt                                       15     1   3  1  
 4 Philip Samuelsson        Tim Ramholt                                       10     1   3  1  

PowerPlay Forward 
   Center                   Left Wing                Right Wing               Time % Phy DF OF 
 1 Mike Richards            Rick Nash                Phil Kessel              60     0   1  4  
 2 Marc Savard              Sean Bergenheim          Steve Downie             40     0   1  4  

PowerPlay Defense
   Defense                  Defense                                           Time % Phy DF OF 
 1 Shea Weber               Ole-Kristian Tollefsen                            60     0   2  3  
 2 Filip Kuba               Philip Samuelsson                                 40     0   2  3  

Penalty Kill 4 Players Forward 
   Center                   Wing                     Time % Phy DF OF 
 1 Tyler Johnson            Sean Bergenheim          50     1   2  2  
 2 Rick Nash                Steve Downie             50     1   2  2  

Penalty Kill 4 Players Defense
   Defense                  Defense                  Time % Phy DF OF 
 1 Shea Weber               Ole-Kristian Tollefsen   50     1   2  2  
 2 Jiri Fischer             Tim Ramholt              50     1   2  2  

Penalty Kill - 3 Players Forward 
   Forward                                           Time % Phy DF OF 
 1 Tyler Johnson                                     60     1   2  2  
 2 Steve Downie                                      40     1   2  2  

Penalty Kill - 3 Players Defense
   Defense                  Defense                  Time % Phy DF OF 
 1 Shea Weber               Ole-Kristian Tollefsen   50     1   2  2  
 2 Jiri Fischer             Tim Ramholt              50     1   2  2  

4 vs 4 Forward 
   Center                   Wing                     Time % Phy DF OF 
 1 Mike Richards            Rick Nash                60     1   2  2  
 2 Marc Savard              Sean Bergenheim          40     1   2  2  

4 vs 4 Defense
   Defense                  Defense                  Time % Phy DF OF 
 1 Shea Weber               Ole-Kristian Tollefsen   60     1   2  2  
 2 Jiri Fischer             Filip Kuba               40     1   2  2  

Last Minutes Offensive
   Center                   Left Wing                Right Wing               Defense                  Defense                  
   Mike Richards            Rick Nash                Phil Kessel              Shea Weber               Ole-Kristian Tollefsen   

Last Minutes Defensive
   Center                   Left Wing                Right Wing               Defense                  Defense                  
   Tyler Johnson            Rick Nash                Steve Downie             Shea Weber               Ole-Kristian Tollefsen   

Goaltenders
Starting : Michal Neuvirth          
Backup : Mike McKenna             

Extra Forwards
Normal : Rick Nash, Marc Savard, Tyler Johnson - PP : Steve Downie, Ales Hemsky - PK : Mike Brown
Extra Defensemen
Normal : Shea Weber, Filip Kuba, Philip Samuelsson - PP : Philip Samuelsson - PK : Filip Kuba, Philip Samuelsson
Penalty Shots
Rick Nash, Mike Richards, Steve Downie, Shea Weber, Phil Kessel

Scratches
Chris Campoli (Right Foot Injury)

Predators

5 vs 5 Forward 
   Center                   Left Wing                Right Wing               Time % Phy DF OF 
 1 Ryan Kesler              Alexander Ovechkin       Niclas Bergfors          40     1   2  2  
 2 Mikael Granlund          Alexander Steen          Byron Bitz               30     1   2  2  
 3 Andy Miele               James Van Riemsdyk       David Jones              20     1   2  2  
 4 Kris Vernarsky           Blake Geoffrion          Jeremy Williams          10     1   2  2  

5 vs 5 Defense 
   Defense                  Defense                                           Time % Phy DF OF 
 1 Alexander Edler          Ryan Mcdonagh                                     40     1   2  2  
 2 Bobby Sanguinetti        John Moore                                        30     1   2  2  
 3 Christian Ehrhoff        Brett Clark                                       20     1   2  2  
 4 Christian Ehrhoff        Alexander Edler                                   10     1   2  2  

PowerPlay Forward 
   Center                   Left Wing                Right Wing               Time % Phy DF OF 
 1 Ryan Kesler              Alexander Ovechkin       Niclas Bergfors          60     1   2  2  
 2 Mikael Granlund          Alexander Steen          Byron Bitz               40     1   2  2  

PowerPlay Defense
   Defense                  Defense                                           Time % Phy DF OF 
 1 Christian Ehrhoff        Alexander Edler                                   60     1   2  2  
 2 Bobby Sanguinetti        Ryan Mcdonagh                                     40     1   2  2  

Penalty Kill 4 Players Forward 
   Center                   Wing                     Time % Phy DF OF 
 1 Alexander Ovechkin       Ryan Kesler              60     1   2  2  
 2 Andy Miele               Byron Bitz               40     1   2  2  

Penalty Kill 4 Players Defense
   Defense                  Defense                  Time % Phy DF OF 
 1 Alexander Edler          Ryan Mcdonagh            60     1   2  2  
 2 Brett Clark              John Moore               40     1   2  2  

Penalty Kill - 3 Players Forward 
   Forward                                           Time % Phy DF OF 
 1 Alexander Ovechkin                                60     1   2  2  
 2 Ryan Kesler                                       40     1   2  2  

Penalty Kill - 3 Players Defense
   Defense                  Defense                  Time % Phy DF OF 
 1 Alexander Edler          Ryan Mcdonagh            60     1   2  2  
 2 Brett Clark              John Moore               40     1   2  2  

4 vs 4 Forward 
   Center                   Wing                     Time % Phy DF OF 
 1 Alexander Ovechkin       Byron Bitz               60     1   2  2  
 2 Byron Bitz               Niclas Bergfors          40     1   2  2  

4 vs 4 Defense
   Defense                  Defense                  Time % Phy DF OF 
 1 Alexander Edler          Ryan Mcdonagh            60     1   2  2  
 2 Christian Ehrhoff        John Moore               40     1   2  2  

Last Minutes Offensive
   Center                   Left Wing                Right Wing               Defense                  Defense                  
   Ryan Kesler              Alexander Ovechkin       Niclas Bergfors          Ryan Mcdonagh            Alexander Edler          

Last Minutes Defensive
   Center                   Left Wing                Right Wing               Defense                  Defense                  
   Ryan Kesler              Alexander Ovechkin       Byron Bitz               Ryan Mcdonagh            Alexander Edler          

Goaltenders
Starting : Viktor Fasth             
Backup : Chad Johnson             

Extra Forwards
Normal : David Jones, Andy Miele, James Van Riemsdyk - PP : David Jones, Andy Miele - PK : James Van Riemsdyk
Extra Defensemen
Normal : John Moore, Bobby Sanguinetti, Christian Ehrhoff - PP : John Moore - PK : Bobby Sanguinetti, Christian Ehrhoff
Penalty Shots
Alexander Ovechkin, Ryan Kesler, Byron Bitz, Niclas Bergfors, Alexander Steen

Scratches
Adam Burish (Broken Right Thumb Injury), Barret Jackman (Head Injury), Frans Nielsen (Concussion Injury)

% Time on Ice - Red Wings

Lines # - Real PCT - Wanted PCT - Time Play
Normal Forward
1 - 33% - 35% - 15:37
2 - 31% - 35% - 14:55
3 - 23% - 20% - 11:01
4 - 13% - 10% - 6:08
Normal Defense
1 - 41% - 40% - 19:29
2 - 37% - 35% - 17:52
3 - 14% - 15% - 6:35
4 - 8% - 10% - 3:45
PP Forward
1 - 0% - 60%
2 - 0% - 40%
PP Defense
1 - 0% - 60%
2 - 0% - 40%
PK Forward
1 - 52% - 50% - 6:06
2 - 48% - 50% - 5:38
PK Defense
1 - 49% - 50% - 5:47
2 - 51% - 50% - 5:57
PK3 Forward
1 - 0% - 60%
2 - 0% - 40%
PK3 Defense
1 - 0% - 50%
2 - 0% - 50%
44 Forward
1 - 0% - 60%
2 - 0% - 40%
44 Defense
1 - 0% - 60%
2 - 0% - 40%
Last Minute Offensive  - 0:00
Last Minute Defensive  - 0:35
Total
Forward - 60:00
Defense - 60:00

% Time on Ice - Predators

Lines # - Real PCT - Wanted PCT - Time Play
Normal Forward
1 - 34% - 40% - 16:09
2 - 27% - 30% - 12:47
3 - 23% - 20% - 10:54
4 - 17% - 10% - 8:01
Normal Defense
1 - 40% - 40% - 19:00
2 - 33% - 30% - 15:48
3 - 21% - 20% - 10:04
4 - 6% - 10% - 2:59
PP Forward
1 - 61% - 60% - 7:10
2 - 39% - 40% - 4:34
PP Defense
1 - 58% - 60% - 6:48
2 - 42% - 40% - 4:56
PK Forward
1 - 0% - 60%
2 - 0% - 40%
PK Defense
1 - 0% - 60%
2 - 0% - 40%
PK3 Forward
1 - 0% - 60%
2 - 0% - 40%
PK3 Defense
1 - 0% - 60%
2 - 0% - 40%
44 Forward
1 - 0% - 60%
2 - 0% - 40%
44 Defense
1 - 0% - 60%
2 - 0% - 40%
Last Minute Offensive  - 0:25
Last Minute Defensive  - 0:00
Total
Forward - 60:00
Defense - 60:00

Play by Play

1st period


0:01 of 1st period - Ryan Kesler wins face-off versus Mike Richards in neutral zone.
0:04 of 1st period - Snap shot by Alexander Ovechkin.
0:04 of 1st period - Stopped by Michal Neuvirth with a rebound.
0:06 of 1st period - Snap shot by Ryan Mcdonagh.
0:06 of 1st period - Shot Blocked by Shea Weber.
0:08 of 1st period - Snap shot by Alexander Ovechkin.
0:08 of 1st period - Stopped by Michal Neuvirth with a rebound.
1:00 of 1st period - Jiri Fischer is hit by David Jones and loses puck.
1:19 of 1st period - Snap shot by Ales Hemsky.
1:19 of 1st period - Deflect By Tyler Johnson.
1:19 of 1st period - Goal by Tyler Johnson - Red Wings : 1 - Predators : 0.
1:20 of 1st period - Ryan Kesler wins face-off versus Marc Savard in neutral zone.
1:55 of 1st period - Wrist shot by Byron Bitz.
1:55 of 1st period - Shot Blocked by Nate Thompson.
2:07 of 1st period - Minor Penalty to Philip Samuelsson for Hooking.
2:08 of 1st period - Tyler Johnson wins face-off versus Ryan Kesler in Red Wings zone.
2:47 of 1st period - Snap shot by Alexander Ovechkin.
2:47 of 1st period - Shot Misses the Net.
2:49 of 1st period - Wrist shot by Ryan Kesler.
2:49 of 1st period - Stopped by Michal Neuvirth without a rebound.
2:50 of 1st period - Mikael Granlund wins face-off versus Tyler Johnson in Red Wings zone.
4:07 of 1st period - Penalty to Philip Samuelsson is over, Philip Samuelsson is back on ice.
4:07 of 1st period - Bobby Sanguinetti is hit by Sean Bergenheim and loses puck.
5:07 of 1st period - Snap shot by Tyler Johnson.
5:07 of 1st period - Stopped by Viktor Fasth with a rebound.
5:44 of 1st period - Alex Picard is hit by Andy Miele.
5:45 of 1st period - Icing by Alex Picard.
5:46 of 1st period - Nate Thompson wins face-off versus David Jones in Red Wings zone.
6:31 of 1st period - Ryan Mcdonagh is hit by Tyler Johnson and loses puck.
6:36 of 1st period - Wrist shot by Tyler Johnson.
6:36 of 1st period - Stopped by Viktor Fasth with a rebound.
6:42 of 1st period - Tyler Johnson is hit by Byron Bitz and loses puck.
7:07 of 1st period - Slapshot by Shea Weber.
7:07 of 1st period - Shot Misses the Net.
7:09 of 1st period - Wrist shot by Mike Brown.
7:09 of 1st period - Shot Blocked by John Moore.
7:11 of 1st period - Wrist shot by Mike Brown.
7:11 of 1st period - Shot Misses the Net.
7:13 of 1st period - Snap shot by Shea Weber.
7:13 of 1st period - Shot Misses the Net.
7:15 of 1st period - Slapshot by Shea Weber.
7:15 of 1st period - Stopped by Viktor Fasth with a rebound.
8:16 of 1st period - Wrist shot by Alexander Edler.
8:16 of 1st period - Stopped by Michal Neuvirth with a rebound.
8:18 of 1st period - Slapshot by Ryan Mcdonagh.
8:18 of 1st period - Shot Blocked by Jiri Fischer.
8:32 of 1st period - Brett Clark is hit by Ole-Kristian Tollefsen.
8:36 of 1st period - Ryan Kesler is hit by Steve Downie and loses puck.
8:43 of 1st period - Shea Weber is hit by Christian Ehrhoff and loses puck.
9:12 of 1st period - Tim Ramholt is hit by Alexander Edler and loses puck.
9:19 of 1st period - Wrist shot by Byron Bitz.
9:19 of 1st period - Shot Misses the Net.
9:21 of 1st period - Snap shot by Alexander Steen.
9:21 of 1st period - Shot Blocked by Philip Samuelsson.
9:23 of 1st period - Slapshot by Christian Ehrhoff.
9:23 of 1st period - Deflect By Byron Bitz.
9:23 of 1st period - Shot Misses the Net.
9:23 of 1st period - Puck is out of play.
9:24 of 1st period - Marc Savard wins face-off versus Ryan Kesler in Red Wings zone.
9:41 of 1st period - Wrist shot by Niclas Bergfors.
9:41 of 1st period - Deflect By Alexander Ovechkin.
9:41 of 1st period - Stopped by Michal Neuvirth with a rebound.
11:04 of 1st period - Icing by Steve Downie.
11:05 of 1st period - Marc Savard wins face-off versus Ryan Kesler in Red Wings zone.
11:42 of 1st period - Slapshot by Phil Kessel.
11:42 of 1st period - Shot Misses the Net.
12:00 of 1st period - Slapshot by Nate Thompson.
12:00 of 1st period - Stopped by Viktor Fasth with a rebound.
12:02 of 1st period - Wrist shot by Shea Weber.
12:02 of 1st period - Deflect By Nate Thompson.
12:02 of 1st period - Stopped by Viktor Fasth without a rebound.
12:03 of 1st period - Alexander Ovechkin wins face-off versus Mike Richards in Predators zone.
12:40 of 1st period - Snap shot by James Van Riemsdyk.
12:40 of 1st period - Stopped by Michal Neuvirth without a rebound.
12:41 of 1st period - Mikael Granlund wins face-off versus Mike Richards in Red Wings zone.
13:06 of 1st period - Marc Savard is hit by Ryan Kesler and loses puck.
13:31 of 1st period - Wrist shot by Adam Henrique.
13:31 of 1st period - Deflect By John Moore.
13:31 of 1st period - Goal by Adam Henrique - Red Wings : 2 - Predators : 0.
13:32 of 1st period - Ryan Kesler wins face-off versus Mike Richards in neutral zone.
13:47 of 1st period - Ryan Mcdonagh is hit by Mike Richards and loses puck.
14:03 of 1st period - Snap shot by Adam Henrique.
14:03 of 1st period - Stopped by Viktor Fasth without a rebound.
14:04 of 1st period - Tyler Johnson wins face-off versus Mikael Granlund in Predators zone.
14:09 of 1st period - Wrist shot by Tyler Johnson.
14:09 of 1st period - Stopped by Viktor Fasth with a rebound.
14:15 of 1st period - Jiri Fischer is hit by Alexander Steen and loses puck.
14:30 of 1st period - Slapshot by Kris Vernarsky.
14:30 of 1st period - Stopped by Michal Neuvirth with a rebound.
14:36 of 1st period - Snap shot by Blake Geoffrion.
14:36 of 1st period - Shot Blocked by Jiri Fischer.
14:38 of 1st period - Slapshot by Bobby Sanguinetti.
14:38 of 1st period - Stopped by Michal Neuvirth with a rebound.
14:40 of 1st period - Slapshot by Bobby Sanguinetti.
14:40 of 1st period - Stopped by Michal Neuvirth without a rebound.
14:41 of 1st period - Ryan Kesler wins face-off versus Marc Savard in Red Wings zone.
14:46 of 1st period - Snap shot by Niclas Bergfors.
14:46 of 1st period - Stopped by Michal Neuvirth without a rebound.
14:47 of 1st period - Marc Savard wins face-off versus Ryan Kesler in Red Wings zone.
14:54 of 1st period - Slapshot by Shea Weber.
14:54 of 1st period - Shot Misses the Net.
14:56 of 1st period - Wrist shot by Steve Downie.
14:56 of 1st period - Shot Blocked by Ryan Mcdonagh.
14:58 of 1st period - Snap shot by Rick Nash.
14:58 of 1st period - Shot Blocked by Alexander Ovechkin.
15:00 of 1st period - Snap shot by Steve Downie.
15:00 of 1st period - Stopped by Viktor Fasth without a rebound.
15:01 of 1st period - Ryan Kesler wins face-off versus Mike Richards in Predators zone.
15:58 of 1st period - Wrist shot by Andy Miele.
15:58 of 1st period - Shot Misses the Net.
16:00 of 1st period - Snap shot by David Jones.
16:00 of 1st period - Stopped by Michal Neuvirth without a rebound.
16:01 of 1st period - Mike Richards wins face-off versus Ryan Kesler in Red Wings zone.
16:10 of 1st period - Slapshot by Alexander Ovechkin.
16:10 of 1st period - Stopped by Michal Neuvirth without a rebound.
16:11 of 1st period - Ryan Kesler wins face-off versus Mike Richards in Red Wings zone.
16:16 of 1st period - Wrist shot by Niclas Bergfors.
16:16 of 1st period - Shot Misses the Net.
16:18 of 1st period - Slapshot by Alexander Ovechkin.
16:18 of 1st period - Shot Misses the Net.
16:20 of 1st period - Slapshot by John Moore.
16:20 of 1st period - Stopped by Michal Neuvirth with a rebound.
16:22 of 1st period - Snap shot by Alexander Ovechkin.
16:22 of 1st period - Stopped by Michal Neuvirth with a rebound.
16:24 of 1st period - Slapshot by John Moore.
16:24 of 1st period - Stopped by Michal Neuvirth without a rebound.
16:25 of 1st period - Marc Savard wins face-off versus Ryan Kesler in Red Wings zone.
16:51 of 1st period - Alexander Steen is hit by Mike Richards.
17:11 of 1st period - Wrist shot by Kris Vernarsky.
17:11 of 1st period - Shot Misses the Net.
17:45 of 1st period - Wrist shot by Alex Picard.
17:45 of 1st period - Stopped by Viktor Fasth without a rebound.
17:46 of 1st period - Marc Savard wins face-off versus Ryan Kesler in Predators zone.
18:40 of 1st period - Icing by James Van Riemsdyk.
18:41 of 1st period - Andy Miele wins face-off versus Tyler Johnson in Predators zone.
18:52 of 1st period - Snap shot by James Van Riemsdyk.
18:52 of 1st period - Shot Blocked by Filip Kuba.
19:20 of 1st period - Snap shot by Tyler Johnson.
19:20 of 1st period - Deflect By Adam Henrique.
19:20 of 1st period - Shot Misses the Net.
19:20 of 1st period - Puck is out of play.
19:21 of 1st period - Ryan Kesler wins face-off versus Marc Savard in Predators zone.
19:21 of 1st period - Ryan Kesler is hit by Steve Downie.
19:56 of 1st period - Minor Penalty to Phil Kessel for Tripping.
19:57 of 1st period - Tyler Johnson wins face-off versus Ryan Kesler in Red Wings zone.
Goals for this period are 2 for Red Wings vs 0 for Predators.
Shots for this period are 11 for Red Wings vs 15 for Predators.

2nd period


0:01 of 2nd period - Tyler Johnson wins face-off versus Ryan Kesler in neutral zone.
1:40 of 2nd period - Rick Nash is hit by Byron Bitz and loses puck.
1:56 of 2nd period - Penalty to Phil Kessel is over, Phil Kessel is back on ice.
2:33 of 2nd period - Jeremy Williams is hit by Phil Kessel.
3:17 of 2nd period - Christian Ehrhoff is hit by Marc Savard and loses puck.
3:46 of 2nd period - Alexander Steen is hit by Shea Weber and loses puck.
5:12 of 2nd period - Jeremy Williams is hit by Philip Samuelsson and loses puck.
5:19 of 2nd period - Wrist shot by Phil Kessel.
5:19 of 2nd period - Shot Misses the Net.
5:21 of 2nd period - Snap shot by Sean Bergenheim.
5:21 of 2nd period - Shot Blocked by Blake Geoffrion.
5:23 of 2nd period - Wrist shot by Sean Bergenheim.
5:23 of 2nd period - Shot Misses the Net.
5:35 of 2nd period - Slapshot by Blake Geoffrion.
5:35 of 2nd period - Stopped by Michal Neuvirth without a rebound.
5:36 of 2nd period - Marc Savard wins face-off versus Ryan Kesler in Red Wings zone.
5:49 of 2nd period - Slapshot by Steve Downie.
5:49 of 2nd period - Stopped by Viktor Fasth with a rebound.
6:07 of 2nd period - Snap shot by Phil Kessel.
6:07 of 2nd period - Stopped by Viktor Fasth without a rebound.
6:08 of 2nd period - Ryan Kesler wins face-off versus Rick Nash in Predators zone.
6:15 of 2nd period - Rick Nash is hit by Alexander Ovechkin and loses puck.
7:00 of 2nd period - James Van Riemsdyk is hit by Ales Hemsky and loses puck.
8:01 of 2nd period - Ales Hemsky is hit by Ryan Mcdonagh and loses puck.
8:29 of 2nd period - Snap shot by Phil Kessel.
8:29 of 2nd period - Deflect By Mike Richards.
8:29 of 2nd period - Shot Blocked by Andy Miele.
8:29 of 2nd period - Puck is out of play.
8:30 of 2nd period - Ryan Kesler wins face-off versus Marc Savard in Predators zone.
8:30 of 2nd period - Ryan Kesler is hit by Marc Savard.
9:07 of 2nd period - Shea Weber is hit by Mikael Granlund and loses puck.
10:16 of 2nd period - Mike Brown is hit by Kris Vernarsky and loses puck.
10:34 of 2nd period - Off-side.
10:35 of 2nd period - Marc Savard wins face-off versus Ryan Kesler in neutral zone.
10:42 of 2nd period - Slapshot by Niclas Bergfors.
10:42 of 2nd period - Stopped by Michal Neuvirth without a rebound.
10:43 of 2nd period - Marc Savard wins face-off versus Ryan Kesler in Red Wings zone.
10:47 of 2nd period - Off-side.
10:48 of 2nd period - Marc Savard wins face-off versus Alexander Ovechkin in neutral zone.
11:03 of 2nd period - Snap shot by Alexander Ovechkin.
11:03 of 2nd period - Shot Misses the Net.
11:05 of 2nd period - Slapshot by Christian Ehrhoff.
11:05 of 2nd period - Shot Blocked by Steve Downie.
11:20 of 2nd period - Snap shot by Mikael Granlund.
11:20 of 2nd period - Shot Misses the Net.
11:22 of 2nd period - Slapshot by Christian Ehrhoff.
11:22 of 2nd period - Goal by Christian Ehrhoff - Red Wings : 2 - Predators : 1.
11:23 of 2nd period - Marc Savard wins face-off versus Ryan Kesler in neutral zone.
11:28 of 2nd period - Snap shot by Rick Nash.
11:28 of 2nd period - Goal by Rick Nash - Red Wings : 3 - Predators : 1.
11:29 of 2nd period - Marc Savard wins face-off versus Ryan Kesler in neutral zone.
11:55 of 2nd period - Mike Richards is hit by Mikael Granlund and loses puck.
12:28 of 2nd period - Snap shot by Andy Miele.
12:28 of 2nd period - Stopped by Michal Neuvirth with a rebound.
12:50 of 2nd period - Backhand shot by Ryan Kesler.
12:50 of 2nd period - Stopped by Michal Neuvirth without a rebound.
12:51 of 2nd period - Mikael Granlund wins face-off versus Marc Savard in Red Wings zone.
13:00 of 2nd period - Wrist shot by Mikael Granlund.
13:00 of 2nd period - Shot Misses the Net.
13:02 of 2nd period - Wrist shot by Byron Bitz.
13:02 of 2nd period - Deflect By Mikael Granlund.
13:02 of 2nd period - Shot Misses the Net.
13:02 of 2nd period - Puck is out of play.
13:03 of 2nd period - Mike Richards wins face-off versus Ryan Kesler in Red Wings zone.
13:14 of 2nd period - Snap shot by Mike Richards.
13:14 of 2nd period - Stopped by Viktor Fasth with a rebound.
13:16 of 2nd period - Wrist shot by Filip Kuba.
13:16 of 2nd period - Shot Blocked by Alexander Edler.
13:31 of 2nd period - Minor Penalty to Marc Savard for Hooking.
13:32 of 2nd period - Tyler Johnson wins face-off versus Ryan Kesler in Red Wings zone.
13:59 of 2nd period - Niclas Bergfors is hit by Sean Bergenheim.
14:54 of 2nd period - Snap shot by Alexander Ovechkin.
14:54 of 2nd period - Deflect By Niclas Bergfors.
14:54 of 2nd period - Stopped by Michal Neuvirth with a rebound.
15:18 of 2nd period - Snap shot by Niclas Bergfors.
15:18 of 2nd period - Shot Blocked by Jiri Fischer.
15:20 of 2nd period - Snap shot by Ryan Kesler.
15:20 of 2nd period - Goal by Ryan Kesler - Red Wings : 3 - Predators : 2.
15:21 of 2nd period - Mikael Granlund wins face-off versus Phil Kessel in neutral zone.
15:33 of 2nd period - Minor Penalty to Sean Bergenheim for Roughing.
15:34 of 2nd period - Tyler Johnson wins face-off versus Byron Bitz in Red Wings zone.
15:50 of 2nd period - Snap shot by Byron Bitz.
15:50 of 2nd period - Stopped by Michal Neuvirth without a rebound.
15:51 of 2nd period - Tyler Johnson wins face-off versus Byron Bitz in Red Wings zone.
16:26 of 2nd period - Alexander Steen is hit by Steve Downie and loses puck.
17:15 of 2nd period - Icing by Alexander Edler.
17:16 of 2nd period - Mikael Granlund wins face-off versus Rick Nash in Predators zone.
17:27 of 2nd period - Ryan Mcdonagh is hit by Mike Brown and loses puck.
17:33 of 2nd period - Penalty to Sean Bergenheim is over, Sean Bergenheim is back on ice.
19:13 of 2nd period - Slapshot by Andy Miele.
19:13 of 2nd period - Shot Blocked by Tim Ramholt.
19:41 of 2nd period - Tim Ramholt is hit by Alexander Steen and loses puck.
19:56 of 2nd period - Tim Ramholt is hit by Kris Vernarsky and loses puck.
Goals for this period are 1 for Red Wings vs 2 for Predators.
Shots for this period are 4 for Red Wings vs 8 for Predators.

3rd period


0:01 of 3rd period - Ryan Kesler wins face-off versus Marc Savard in neutral zone.
1:13 of 3rd period - Snap shot by Steve Downie.
1:13 of 3rd period - Shot Misses the Net.
1:40 of 3rd period - Off-side.
1:41 of 3rd period - Ryan Kesler wins face-off versus Mike Richards in neutral zone.
1:44 of 3rd period - Backhand shot by Alexander Edler.
1:44 of 3rd period - Shot Blocked by Ole-Kristian Tollefsen.
2:52 of 3rd period - Snap shot by Sean Bergenheim.
2:52 of 3rd period - Stopped by Viktor Fasth without a rebound.
2:53 of 3rd period - Mikael Granlund wins face-off versus Mike Richards in Predators zone.
3:10 of 3rd period - Mike Richards is hit by Byron Bitz and loses puck.
3:23 of 3rd period - Wrist shot by Mike Richards.
3:23 of 3rd period - Shot Misses the Net.
3:25 of 3rd period - Wrist shot by Mike Richards.
3:25 of 3rd period - Shot Misses the Net.
3:27 of 3rd period - Snap shot by Shea Weber.
3:27 of 3rd period - Shot Blocked by Brett Clark.
3:29 of 3rd period - Snap shot by Mike Richards.
3:29 of 3rd period - Goal by Mike Richards - Red Wings : 4 - Predators : 2.
3:29 of 3rd period - Chad Johnson enters game.
3:30 of 3rd period - Marc Savard wins face-off versus Ryan Kesler in neutral zone.
4:29 of 3rd period - Snap shot by Tyler Johnson.
4:29 of 3rd period - Stopped by Chad Johnson without a rebound.
4:30 of 3rd period - Marc Savard wins face-off versus Alexander Ovechkin in Predators zone.
4:33 of 3rd period - Snap shot by Steve Downie.
4:33 of 3rd period - Shot Misses the Net.
4:35 of 3rd period - Slapshot by Filip Kuba.
4:35 of 3rd period - Deflect By Marc Savard.
4:35 of 3rd period - Stopped by Chad Johnson with a rebound.
4:37 of 3rd period - Slapshot by Filip Kuba.
4:37 of 3rd period - Deflect By Alexander Ovechkin.
4:37 of 3rd period - Stopped by Chad Johnson without a rebound.
4:38 of 3rd period - Marc Savard wins face-off versus Ryan Kesler in Predators zone.
4:53 of 3rd period - Snap shot by Marc Savard.
4:53 of 3rd period - Shot Misses the Net.
5:32 of 3rd period - Snap shot by Ryan Kesler.
5:32 of 3rd period - Stopped by Michal Neuvirth without a rebound.
5:33 of 3rd period - Mike Richards wins face-off versus Mikael Granlund in Red Wings zone.
5:35 of 3rd period - Icing by Ole-Kristian Tollefsen.
5:36 of 3rd period - Mike Richards wins face-off versus Mikael Granlund in Red Wings zone.
5:43 of 3rd period - Phil Kessel is hit by Byron Bitz and loses puck.
6:02 of 3rd period - Steve Downie is hit by David Jones and loses puck.
6:07 of 3rd period - Snap shot by David Jones.
6:07 of 3rd period - Goal by David Jones - Red Wings : 4 - Predators : 3.
6:08 of 3rd period - Rick Nash wins face-off versus Ryan Kesler in neutral zone.
6:35 of 3rd period - Snap shot by Byron Bitz.
6:35 of 3rd period - Stopped by Michal Neuvirth without a rebound.
6:36 of 3rd period - Mikael Granlund wins face-off versus Mike Richards in Red Wings zone.
6:37 of 3rd period - Snap shot by Byron Bitz.
6:37 of 3rd period - Shot Misses the Net.
6:39 of 3rd period - Minor Penalty to Phil Kessel for Hooking.
6:40 of 3rd period - Tyler Johnson wins face-off versus Ryan Kesler in Red Wings zone.
6:40 of 3rd period - Tyler Johnson is hit by Niclas Bergfors.
6:46 of 3rd period - Wrist shot by Jiri Fischer.
6:46 of 3rd period - Shot Misses the Net.
7:07 of 3rd period - Steve Downie is hit by Byron Bitz.
8:08 of 3rd period - Alexander Steen is hit by Tim Ramholt and loses puck.
8:39 of 3rd period - Penalty to Phil Kessel is over, Phil Kessel is back on ice.
9:03 of 3rd period - Slapshot by Adam Henrique.
9:03 of 3rd period - Stopped by Chad Johnson without a rebound.
9:04 of 3rd period - Kris Vernarsky wins face-off versus Adam Henrique in Predators zone.
9:19 of 3rd period - Filip Kuba is hit by Kris Vernarsky and loses puck.
9:53 of 3rd period - Wrist shot by Mike Richards.
9:53 of 3rd period - Stopped by Chad Johnson without a rebound.
9:54 of 3rd period - Mikael Granlund wins face-off versus Phil Kessel in Predators zone.
9:59 of 3rd period - Backhand shot by Sean Bergenheim.
9:59 of 3rd period - Deflect By Mike Richards.
9:59 of 3rd period - Stopped by Chad Johnson without a rebound.
10:00 of 3rd period - Mike Richards wins face-off versus Ryan Kesler in Predators zone.
10:11 of 3rd period - Slapshot by Sean Bergenheim.
10:11 of 3rd period - Stopped by Chad Johnson with a rebound.
10:13 of 3rd period - Snap shot by Sean Bergenheim.
10:13 of 3rd period - Goal by Sean Bergenheim - Red Wings : 5 - Predators : 3.
10:14 of 3rd period - Ryan Kesler wins face-off versus Marc Savard in neutral zone.
10:48 of 3rd period - Snap shot by Alexander Steen.
10:48 of 3rd period - Shot Misses the Net.
11:03 of 3rd period - Icing by Andy Miele.
11:04 of 3rd period - Tyler Johnson wins face-off versus Kris Vernarsky in Predators zone.
11:40 of 3rd period - Ryan Mcdonagh is hit by Marc Savard and loses puck.
12:38 of 3rd period - Snap shot by Andy Miele.
12:38 of 3rd period - Stopped by Michal Neuvirth without a rebound.
12:39 of 3rd period - Ryan Kesler wins face-off versus Marc Savard in Red Wings zone.
12:50 of 3rd period - Snap shot by Ryan Kesler.
12:50 of 3rd period - Deflect By Alexander Ovechkin.
12:50 of 3rd period - Shot Misses the Net.
12:50 of 3rd period - Puck is out of play.
12:51 of 3rd period - Mike Richards wins face-off versus Ryan Kesler in Red Wings zone.
13:06 of 3rd period - Snap shot by Alexander Ovechkin.
13:06 of 3rd period - Stopped by Michal Neuvirth without a rebound.
13:07 of 3rd period - Mikael Granlund wins face-off versus Marc Savard in Red Wings zone.
13:16 of 3rd period - Mikael Granlund is hit by Steve Downie and loses puck.
13:33 of 3rd period - Ryan Kesler is hit by Tyler Johnson and loses puck.
13:58 of 3rd period - Snap shot by Kris Vernarsky.
13:58 of 3rd period - Stopped by Michal Neuvirth without a rebound.
13:59 of 3rd period - Kris Vernarsky wins face-off versus Mike Richards in Red Wings zone.
14:12 of 3rd period - Wrist shot by Kris Vernarsky.
14:12 of 3rd period - Deflect By Jeremy Williams.
14:12 of 3rd period - Shot Blocked by Filip Kuba.
14:12 of 3rd period - Puck is out of play.
14:13 of 3rd period - Ryan Kesler wins face-off versus Marc Savard in Red Wings zone.
14:47 of 3rd period - Wrist shot by Alexander Steen.
14:47 of 3rd period - Stopped by Michal Neuvirth with a rebound.
15:05 of 3rd period - Wrist shot by Kris Vernarsky.
15:05 of 3rd period - Stopped by Michal Neuvirth with a rebound.
15:11 of 3rd period - Snap shot by Kris Vernarsky.
15:11 of 3rd period - Shot Misses the Net.
15:30 of 3rd period - David Jones is hit by Ole-Kristian Tollefsen and loses puck.
15:53 of 3rd period - Snap shot by Rick Nash.
15:53 of 3rd period - Stopped by Chad Johnson with a rebound.
15:55 of 3rd period - Snap shot by Marc Savard.
15:55 of 3rd period - Stopped by Chad Johnson without a rebound.
15:56 of 3rd period - Andy Miele wins face-off versus Tyler Johnson in Predators zone.
15:56 of 3rd period - Andy Miele is hit by Shea Weber.
16:24 of 3rd period - Wrist shot by Mikael Granlund.
16:24 of 3rd period - Shot Misses the Net.
16:32 of 3rd period - Wrist shot by Mikael Granlund.
16:32 of 3rd period - Goal by Mikael Granlund - Red Wings : 5 - Predators : 4.
16:33 of 3rd period - Mike Richards wins face-off versus Andy Miele in neutral zone.
16:35 of 3rd period - Minor Penalty to Sean Bergenheim for Hooking.
16:36 of 3rd period - Rick Nash wins face-off versus Ryan Kesler in Red Wings zone.
16:48 of 3rd period - Slapshot by Ryan Kesler.
16:48 of 3rd period - Stopped by Michal Neuvirth without a rebound.
16:49 of 3rd period - Rick Nash wins face-off versus Ryan Kesler in Red Wings zone.
18:35 of 3rd period - Penalty to Sean Bergenheim is over, Sean Bergenheim is back on ice.
18:59 of 3rd period - Andy Miele is hit by Rick Nash.
19:07 of 3rd period - Predators, Chad Johnson is pulled from the net.
19:21 of 3rd period - Wrist shot by Rick Nash.
19:21 of 3rd period - Shot Misses the Net.
19:23 of 3rd period - Slapshot by Filip Kuba.
19:23 of 3rd period - Shot Misses the Net.
19:25 of 3rd period - Slapshot by Filip Kuba.
19:25 of 3rd period - Shot Misses the Net.
19:27 of 3rd period - Slapshot by Filip Kuba.
19:27 of 3rd period - Goal by Filip Kuba - Red Wings : 6 - Predators : 4.
19:27 of 3rd period - Chad Johnson from Predators was sent back in the game.
19:28 of 3rd period - Nate Thompson wins face-off versus Ryan Kesler in neutral zone.
19:33 of 3rd period - Slapshot by Alex Picard.
19:33 of 3rd period - Stopped by Chad Johnson without a rebound.
19:34 of 3rd period - Nate Thompson wins face-off versus Alexander Ovechkin in Predators zone.
19:42 of 3rd period - Snap shot by Niclas Bergfors.
19:42 of 3rd period - Shot Misses the Net.
Goals for this period are 3 for Red Wings vs 2 for Predators.
Shots for this period are 14 for Red Wings vs 10 for Predators.